 Dungeon Crawl Stone Soup version 0.21.1-1-g345015f (webtiles) character file.

89 ponchio the Skirmisher (level 4, -1/30 HPs)
             Began as a Gargoyle Fighter on May 6, 2018.
             Splashed by a jelly's acid (6 damage)
             ... on level 3 of the Dungeon.
             The game lasted 00:09:06 (2121 turns).

ponchio the Skirmisher (Gargoyle Fighter)           Turns: 2121, Time: 00:09:07

Health: -1/30      AC:  2    Str: 21    XL:     4   Next: 55%
Magic:  4/4        EV:  7    Int:  9    God:
Gold:   103        SH: 10    Dex: 10    Spells: 3/3 levels left

rFire    . . .     SeeInvis .   r - -1 spear (curse)
rCold    . . .     Gourm    .   e - +1 shield
rNeg     + . .     Faith    .   b - +0 scale mail
rPois    ∞         Spirit   .   (no helmet)
rElec    +         Reflect  .   (no cloak)
rCorr    .         Harm     .   (no gloves)
MR       .....                  (no boots)
Stlth    ..........             (no amulet)
HPRegen  0.10/turn              k - +2 ring of strength
MPRegen  0.09/turn              (no ring)

@: corroded
A: negative energy resistance 1, electricity resistance, unbreathing,
petrification resistance, rot immunity, AC +3
a: no special abilities


You were on level 3 of the Dungeon.
You were very hungry.

You visited 1 branch of the dungeon, and saw 3 of its levels.

You collected 103 gold pieces.

Inventory:

Hand Weapons
 a - a +0 flail
 r - a cursed -1 spear (weapon)
Armour
 b - a +0 scale mail (worn)
 e - a +1 shield (worn)
Jewellery
 i - an uncursed ring of protection from magic {unknown}
 k - a +2 ring of strength (left hand)
Potions
 c - 2 potions of haste
 d - a potion of might
 g - a potion of lignification {unknown}
 h - 2 potions of invisibility
 j - 3 potions of heal wounds {unknown}
 m - a potion of curing {unknown}
 n - a potion of degeneration {unknown}
 o - a potion of flight {unknown}
Comestibles
 f - 8 rations


   Skills:
 + Level 4.6 Fighting
 + Level 3.5 Maces & Flails
 - Level 3.2 Armour
 - Level 3.2 Shields


You had 3 spell levels left.
You didn't know any spells.

Dungeon Overview and Level Annotations

Branches:
Dungeon (3/15)

Altars:


Innate Abilities, Weirdness & Mutations

You are resistant to torment.
Your stone body is resilient. (AC +3)
You are immune to poison.
You resist negative energy. (rN+)
You are resistant to electric shocks. (rElec)
You can survive without breathing.
You are immune to petrification.
You are immune to rotting.


Message History

The jelly hits the fungus.
The fungus is splashed with acid.
The acid corrodes the fungus!
The jelly hits you but does no damage.
The ooze hits the fungus.
You hit the jelly. The acid corrodes you!
Your hands burn!
The jelly is heavily wounded.
The ooze hits the fungus.
The jelly hits the fungus.
The fungus is splashed with acid.
The acid corrodes the fungus!
The ooze hits the fungus.
You block the jelly's attack.
The ooze hits the fungus.
Something hits the fungus.
The ooze hits the toadstool.
The toadstool is destroyed!
You hit the jelly but do no damage.
Your hands burn!
The jelly is heavily wounded.
The jelly hits you.
You are splashed with acid!
The acid burns!
* * * LOW HITPOINT WARNING * * *
You are too injured to fight recklessly!
The jelly hits you.
* * * LOW HITPOINT WARNING * * *
You are splashed with acid!
The acid burns!
You die...

.... .#..... ###
......
#)..÷..##.#######
#....
#PP.PPP#.#.#....###..#
#.....J#.#.#.....##..#
#÷PJ.PP#)#'#......'..#
#...JJJ#@#........'..#
#PPPPJJ#J#........'(.#
#...÷J.#.#.......##..#
#P..÷P.J##......###..#
#...÷..########## #.##
####### ####'##
#.....# #.....#
########## #.....#


You could see a jelly and an ooze.

Vanquished Creatures
  5 adders
  An ooze (D:2)
  2 leopard geckos (D:1)
  2 bats (D:2)
  2 giant cockroaches
  3 goblins
  3 hobgoblins (D:2)
  11 kobolds
  6 frilled lizards (D:1)
  7 rats
42 creatures vanquished.

Vanquished Creatures (others)
  A fungus (D:3)
  3 toadstools (D:3)
4 creatures vanquished.

Grand Total: 46 creatures vanquished

Notes
Turn   | Place    | Note
-------+----------+-------------------------------------------
     0 | D:1      | ponchio the Gargoyle Fighter began the quest for the Orb.
     0 | D:1      | Reached XP level 1. HP: 14/14 MP: 1/1
   217 | D:1      | Reached XP level 2. HP: 17/19 MP: 2/2
  1152 | D:2      | Reached skill level 4 in Fighting
  1152 | D:2      | Reached XP level 3. HP: 19/24 MP: 3/3
  1459 | D:2      | Noticed a sky beast
  1472 | D:1      | Reached XP level 4. HP: 29/30 MP: 4/4
  2121 | D:3      | Splashed by a jelly's acid

Skill      XL: |  1  2  3 |
---------------+----------+-----
Fighting       | 4 |  4.6
Maces & Flails | 3 |  3.5
Armour         | |  3.2
Shields        | |  3.2

Action                   |  1- 3 |  4- 6 || total
-------------------------+-------+-------++-------
Melee: Flail             |   112 |       ||   112
       Spear             |    25 |    68 ||    93
  Use: Scroll            |     5 |     3 ||     8
  Eat: Chunk             |     2 |     1 ||     3
Armor: Scale mail        |    79 |    22 ||   101
Dodge: Dodged            |    35 |    14 ||    49
Block: Shield            |    78 |    25 ||   103
